 Dungeon Crawl Stone Soup version 0.32-a0-938-g40ac7a0 (webtiles) character file.

Game seed: 18040098023604720323

5401 Lovepenguin the Basher (level 10, -1/172 HPs)
             Began as an Oni Berserker on Apr 18, 2024.
             Was a Believer of Trog.
             Slain by a +4 spectral lajatang (28 damage)
             ... created by a spriggan
             ... in a bailey.
             The game lasted 00:11:46 (8827 turns).

Lovepenguin the Basher (Oni Berserker)              Turns: 8827, Time: 00:11:46

Health: -1/172     AC:  9    Str: 27    XL:     10   Next: 67%
Magic:  10/10      EV:  9    Int:  8    God:    Trog [**....]
Gold:   254        SH:  0    Dex:  8    Spells: 9/9 levels left

rFire   + . .        a - +0 giant spiked club
rCold   . . .        (shield currently unavailable)
rNeg    . . .        D - +0 steam dragon scales
rPois   +            (helmet restricted)
rElec   .            i - +2 cloak {rPois}
rCorr   .            (gloves unavailable)
SInv    .            (boots unavailable)
Will    +....        e - amulet of the acrobat Stlth
                     g - ring of protection from fire
HPRegen 0.48/turn    r - ring of poison resistance
MPRegen 0.12/turn

%: acrobat
@: berserking, very quick
A: large, unfitting armour, horns 1, tough skin 1, double potion healing,
drunken brawling
a: Renounce Religion, Berserk, Trog's Hand


You were in a bailey.
You worshipped Trog.
Trog was pleased with you.
You visited 2 branches of the dungeon, and saw 10 of its levels.
You also visited: Bailey.

You collected 366 gold pieces.
You spent 112 gold pieces at shops.

Inventory:

Hand Weapons
 a - a +0 giant spiked club (weapon)
 b - a +1 whip of electrocution
 w - the +6 long sword of Duty {chaos, rN+ Str+8}
   (You found it on level 6 of the Dungeon)

   Str+8:     It affects your strength (+8).
   rN+:       It protects you from negative energy.
 z - the +4 sling of Qily {drain, Will+ Str+3 Dex+2}
   (You found it on level 7 of the Dungeon)

   Str+3:     It affects your strength (+3).
   Dex+2:     It affects your dexterity (+2).
   Will+:     It increases your willpower.
Missiles
 t - a throwing net
 y - 2 curare-tipped darts
Armour
 i - a +2 cloak of poison resistance (worn)
 D - +0 steam dragon scales (worn)
 E - +0 acid dragon scales
Jewellery
 e - an amulet of the acrobat (around neck)
 g - a ring of protection from fire (left hand)
 r - a ring of poison resistance (right hand)
Wands
 q - a wand of polymorph (2) (quivered)
 x - a wand of flame (13)
 F - a wand of mindburst (6)
Scrolls
 c - a scroll of blinking
 d - a scroll of enchant armour
 f - a scroll of poison {unknown}
 k - 4 scrolls of vulnerability
 n - a scroll of immolation {unknown}
 p - a scroll of fear {unknown}
 s - a scroll of teleportation
 u - 2 scrolls of silence
 v - 2 scrolls of amnesia
 A - a scroll of revelation
 B - a scroll of torment {unknown}
 C - a scroll of noise {unknown}
Potions
 h - a potion of haste
 j - 4 potions of brilliance
 l - 5 potions of curing
 m - 2 potions of enlightenment
 o - a potion of might


   Skills:
 + Level 12.0 Fighting
 * Level 12.4 Maces & Flails
 - Level 5.0 Dodging


You had 9 spell levels left.
You didn't know any spells.
Your spell library contained the following spells:

 Spells                   Type           Power      Damage    Failure   Level
 Apportation              Tloc           0%         N/A       41%         1
 Jinxbite                 Hex            0%         N/A       54%         2
 Ignite Poison            Fire/Alch      0%         N/A       99%         4
 Sticky Flame             Fire/Alch      0%         2d4       99%         4
 Alistair's Intoxication  Alch           0%         N/A       100%        5
 Ignition                 Fire           0%         3d3       100%        8


Dungeon Overview and Level Annotations

Branches:
Dungeon (9/15) Zot: 26819  Temple (1/1) D:5 Zot: 5998  Bailey (1/1) Zot: 5876
   Lair: D:8-11         Orc: D:9-12

Altars:
Ashenzari
Cheibriados
Dithmenos
Elyvilon
Fedhas
Gozag
Hepliaklqana
Kikubaaqudgha
Makhleb
Nemelex Xobeh
Okawaru
Qazlal
Ru
Sif Muna
Trog
Uskayaw
Wu Jian
Yredelemnul
Zin
The Shining One

Shops:
D:1 [   D:8 *


Innate Abilities, Weirdness & Mutations

You are too large for most types of armour.
You have a pair of small horns on your head.
You have tough skin. (AC +1)
You gain doubled healing and magic from potions.
Whenever you drink a healing potion, you attack all around you.


Message History

You puncture the spriggan!
The spriggan is severely wounded.
The spriggan hits you but does no damage.
You closely miss the spriggan. Your headbutt misses the spriggan.
The spriggan is severely wounded.
The spriggan hits you with a +4 spectral lajatang!!
The +4 spectral lajatang hits you!
The spriggan hits you but does no damage.
The spriggan closely misses you. The +4 spectral lajatang hits you!
A +4 spectral lajatang comes into view.
You take 38 HP, and have [77/115] HP !!!!!
HP Warning !!!!!
You are too injured to fight recklessly!
A red film seems to cover your vision as you go berserk!
You feel yourself moving faster!
You feel mighty! The spriggan hits you with a +0 spear!
The spriggan hits you with a +4 spectral lajatang!
The +4 spectral lajatang hits you!
Now you have [75/172] HP You completely miss the spriggan.
Your headbutt misses the spriggan. The spriggan hits you with a +0 spear!
You take 6 HP, and have [69/172] HP You miss the spriggan.
You headbutt the spriggan.
The spriggan is almost dead.
The spriggan completely misses you. The +4 spectral lajatang hits you!
The spriggan hits you with a +0 spear.
You take 17 HP, and have [52/172] HP You miss the spriggan.
The spriggan is almost dead.
The spriggan hits you with a +4 spectral lajatang!
* * * LOW HITPOINT WARNING * * *
The +4 spectral lajatang hits you!
* * * LOW HITPOINT WARNING * * *
You take 25 HP, and have [27/172] HP You completely miss the spriggan.
The spriggan is almost dead.
The spriggan barely misses you.
The spriggan hits you but does no damage.
The +4 spectral lajatang hits you!!
You die...

##..## ♣#..#
#..## #♣..#
#..# ..# #..#
..# #..♣ ..#
#..# ..# #..#
. ..# #..##
♣♣.. ##(@##
..i
##ii####~####
##....i~~...
##.........
##.......#
#########


You could see a +4 spectral lajatang (wandering) and 2 spriggans.

Vanquished Creatures
  A two-headed ogre (D:8)
  Pikel (D:7)
  Joseph (D:8)
  Prince Ribbit (D:6)
  A shadow (D:7)
  3 yaks (D:9)
  A wraith (D:9)
  A spriggan (Bailey)
  A wyvern (D:8)
  A human (D:8)
  2 steam dragons
  Menkaure (D:5)
  2 swamp worms (D:8)
  An acid dragon (D:8)
  Duvessa (D:5)
  An ice beast (D:6)
  A black bear (D:6)
  3 ogres
  2 centaurs (D:7)
  A lemure (D:7)
  A phantom (D:4)
  3 kobold brigands
  4 bullfrogs (D:8)
  2 scorpions
  Dowan (D:5)
  3 howler monkeys
  2 hounds
  An orc priest (D:8)
  A jelly (D:6)
  Crazy Yiuf (D:2)
  An iguana (D:6)
  A sleepcap (D:7)
  4 orc wizards
  14 gnolls
  6 adders
  2 shadow imps
  A white imp (D:7)
  A ribbon worm (D:4)
  4 dart slugs
  17 orcs
  6 ball pythons
  2 bats
  3 endoplasms
  3 giant cockroaches
  7 goblins
  9 hobgoblins
  24 kobolds
  A quokka (D:5)
  5 frilled lizards
  5 rats
162 creatures vanquished.

Notes
Turn   | Place    | Note
-------+----------+-------------------------------------------
     0 | D:1      | Lovepenguin the Oni Berserker began the quest for the Orb.
     0 | D:1      | Reached XP level 1. HP: 24/24 MP: 1/1
    83 | D:1      | Found Mesun's Antique Armour Shoppe.
   219 | D:1      | Reached XP level 2. HP: 33/33 MP: 2/2
   608 | D:1      | Reached ** piety under Trog
   682 | D:1      | Reached XP level 3. HP: 37/40 MP: 3/3
   985 | D:2      | Found a runed translucent door.
   986 | D:2      | Noticed Crazy Yiuf
  1092 | D:2      | Killed Crazy Yiuf
  1234 | D:2      | Reached XP level 4. HP: 35/49 MP: 4/4
  1239 | D:2      | Reached skill level 5 in Fighting
  1636 | D:2      | Reached XP level 5. HP: 57/57 MP: 5/5
  2804 | D:3      | Reached skill level 5 in Maces & Flails
  2804 | D:3      | Reached XP level 6. HP: 46/67 MP: 6/6
  3418 | D:4      | Reached XP level 7. HP: 75/75 MP: 7/7
  3557 | D:4      | Reached *** piety under Trog
  4015 | D:5      | Entered Level 5 of the Dungeon
  4060 | D:5      | Found a staircase to the Ecumenical Temple.
  4073 | D:5      | Noticed Menkaure
  4078 | D:5      | Killed Menkaure
  4087 | Temple   | Entered the Ecumenical Temple
  4187 | D:5      | Noticed Dowan
  4188 | D:5      | Noticed Duvessa
  4202 | D:5      | Killed Duvessa
  4220 | D:5      | HP: 2/76 [Dowan/shard of ice (28)]
  4221 | D:5      | Killed Dowan
  4671 | D:6      | Reached XP level 8. HP: 55/87 MP: 8/8
  4833 | D:6      | Noticed Prince Ribbit
  5413 | D:6      | Reached skill level 5 in Dodging
  5741 | D:6      | Killed Prince Ribbit
  5872 | D:6      | Identified the +6 long sword of Duty {chaos, rN+ Str+8}
  5888 | D:6      | Found an iron altar of Okawaru.
  6288 | D:7      | Noticed Pikel
  6304 | D:7      | Killed Pikel
  6305 | D:7      | Reached XP level 9. HP: 98/98 MP: 9/9
  6961 | D:7      | Found an ornate altar of the Wu Jian Council.
  7046 | D:7      | Found a shadowy altar of Dithmenos.
  7102 | D:7      | Identified the +4 sling of Qily {drain, Will+ Str+3 Dex+2}
  7613 | D:8      | Noticed Joseph
  7617 | D:8      | Reached skill level 10 in Maces & Flails
  7619 | D:8      | Reached skill level 10 in Fighting
  7790 | D:8      | Killed Joseph
  7803 | D:8      | Noticed a two-headed ogre
  7942 | D:8      | Killed a two-headed ogre
  7943 | D:8      | Reached XP level 10. HP: 113/113 MP: 10/10
  8098 | D:8      | Found a runed translucent door.
  8100 | D:8      | Found a basalt altar of Yredelemnul.
  8134 | D:8      | Found Giacsy's General Store.
  8137 | D:8      | Bought a scroll of revelation for 112 gold pieces
  8517 | D:8      | Found a glowing golden altar of the Shining One.
  8517 | D:8      | Found a sacrificial altar of Ru.
  8705 | D:9      | Found a flagged portal.
  8715 | Bailey   | Entered a bailey
  8827 | Bailey   | Slain by a +4 spectral lajatang

Illustrated notes

Levels and vault maps discovered:
D:1:      amcnicky_arrival_underground_garden, layout_basic, serial_shops,
          nicolae_lakefront_shop
D:2:      layout_basic, uniq_crazy_yiuf_cottage
D:3:      layout_basic
D:4:      layout_cave_pods
D:5:      layout_rooms, minmay_temple_entry_drinking_statues, uniq_menkaure,
          uniq_duvessa
D:6:      layout_loops_ring, okawaru_gym_becter, grunt_decor_clamped,
          uniq_prince_ribbit1
D:7:      layout_loops_ring, lemuel_doored_altar, mainiacjoe_overflow_alcove_2,
          uniq_pikel
D:8:      layout_rooms, dk_yredelemnul_ordeal, gammafunk_temple_overflow_wave,
          serial_shops, kennysheep_mini, worms_lemuel, uniq_joseph
D:9:      layout_roguey, lemuel_tele_altar, enter_bailey_2, uniq_jeremiah,
          uniq_maurice, uniq_harold
Temple:   nicolae_temple_ecumenical_triangle
Bailey:   bailey_polearm_enchanted_keep_hellmonk, bailey

Skill      XL: |  1  2  3  4  5  6  7  8  9 10 |
---------------+-------------------------------+-----
Dodging        | 3 4 5 |  5.0
Fighting       | 5 6 7 9 11 12 | 12.0
Maces & Flails | 4 5 6 9 11 12 | 12.4

Action                     |  1- 3 |  4- 6 |  7- 9 | 10-12 || total
---------------------------+-------+-------+-------+-------++-------
  Melee: Mace              |    59 |    21 |       |       ||    80
         Headbutt          |     8 |    15 |    36 |    26 ||    85
         Flail             |       |   129 |     1 |       ||   130
         Giant club        |       |       |   120 |       ||   120
         Whip              |       |       |    47 |   102 ||   149
         Giant spiked club |       |       |    26 |    10 ||    36
  Throw: Throwing net      |       |       |     3 |       ||     3
         Dart              |       |       |     1 |       ||     1
 Invoke: Berserk           |     1 |     3 |    11 |     4 ||    19
         Trog's Hand       |     1 |       |     8 |     1 ||    10
    Use: Scroll            |       |       |    10 |     3 ||    13
         Potion            |       |       |     2 |       ||     2
 Armour: Animal skin       |    51 |   108 |   167 |       ||   326
         Steam dragon scal |       |       |    13 |    59 ||    72
  Dodge: Dodged            |    38 |    98 |   113 |    52 ||   301

Table legend: (Time is in decaauts)
 A = Elapsed time spent in this place.
 B = Non-inter-level travel time spent in this place.
 C = Inter-level travel time spent in this place.
 D = Time resting spent in this place.
 E = Time spent auto-exploring this place.
 F = Levels seen in this place.
 G = Mean time per level.
                   A        B        C        D        E       F      G
               +--------+--------+--------+--------+--------+-----+--------+
         Total |   8998 |   8770 |    228 |    981 |   6410 |  11 |  818.0 |
       Dungeon |   8873 |   8645 |    228 |    935 |   6367 |   9 |  985.9 |
        Temple |      1 |      1 |      0 |      0 |      0 |   1 |    1.0 |
        Bailey |    123 |    123 |      0 |     46 |     43 |   1 |  123.0 |
               +--------+--------+--------+--------+--------+-----+--------+

Top non-repeatable levels by time:
     D:7: 1536 daAuts
     D:6: 1220 daAuts
     D:2: 1210 daAuts
     D:5: 1101 daAuts
     D:4: 1004 daAuts
     D:3: 948 daAuts
     D:1: 927 daAuts
     D:8: 742 daAuts
     D:9: 180 daAuts
  Bailey: 123 daAuts
  Temple: 1 daAuts
